 Dungeon Crawl Stone Soup version 0.29-a0-409-gd843f3a48c (webtiles) character file.

Game seed: 13795914665778042217

9748 holysushi the Nimble (level 11, 0/71 HPs)
             Began as a Kobold Artificer on May 15, 2022.
             Was a Follower of Dithmenos.
             Engulfed by a steam dragon's steam (12 damage)
             ... on level 3 of the Lair of Beasts.
             The game lasted 00:21:52 (13379 turns).

holysushi the Nimble (Kobold Artificer)            Turns: 13379, Time: 00:21:53

Health: 0/71       AC:  4    Str:  9    XL:     11   Next: 80%
Magic:  13/13      EV: 44    Int: 13    God:    Dithmenos [*.....]
Gold:   196        SH:  0    Dex: 20    Spells: 10/10 levels left

rFire   . . .      SeeInvis .   a - +7 quick blade (venom)
rCold   + . .      Faith    .   (no shield)
rNeg    . . .      Spirit   .   K - +1 robe {Will+}
rPois   .          Reflect  .   D - +0 helmet
rElec   .          Harm     .   q - scarf {shadows}
rCorr   .          Rampage  .   (no gloves)
Will    +....                   (no boots)
Stlth   ++++++....              H - amulet of the acrobat
HPRegen 0.21/turn               o - +4 ring of evasion
MPRegen 0.13/turn               L - ring of protection from cold

@: acrobatic, wreathed by umbra
A: small, no large weapons, nightstalker 3
a: Renounce Religion


You were on level 3 of the Lair of Beasts.
You worshipped Dithmenos.
Dithmenos was aware of your devotion.
You visited 3 branches of the dungeon, and saw 12 of its levels.
You also visited: Sewer.

You collected 436 gold pieces.
You spent 240 gold pieces at shops.

Inventory:

Hand Weapons
 a - a +7 quick blade of venom (weapon)
 l - a +0 dagger
 v - a +1 short sword of venom
Armour
 f - a +1 leather armour of fire resistance
 q - a scarf of shadows (worn)
 D - a +0 helmet (worn)
 K - a +1 robe of willpower (worn)
 P - an orb of wrath
 S - +0 steam dragon scales
Jewellery
 o - a +4 ring of evasion (left hand)
 p - a ring of poison resistance
 H - an amulet of the acrobat (around neck)
 J - a ring of see invisible
 L - a ring of protection from cold (right hand)
 N - a +6 ring of intelligence
 Q - a ring of fire
Wands
 c - a wand of flame (4) (quivered)
 d - a wand of charming (18)
 e - a wand of iceblast (3)
 y - a wand of acid (4)
 G - a wand of mindburst (6)
 I - a wand of polymorph (12)
Scrolls
 h - 3 scrolls of vulnerability
 i - 2 scrolls of blinking
 j - 2 scrolls of fog
 n - 2 scrolls of magic mapping
 r - a scroll of teleportation
 t - 3 scrolls of fear
 C - 4 scrolls of identify
 F - a scroll of enchant armour
Potions
 g - 4 potions of haste
 k - 3 potions of curing
 m - 2 potions of invisibility
 s - 6 potions of mutation
 u - 3 potions of might
 w - 3 potions of lignification {unknown}
 x - 2 potions of heal wounds {unknown}
 z - 2 potions of magic {unknown}
 A - 2 potions of degeneration {unknown}
 E - a potion of attraction
 M - a potion of berserk rage {unknown}
 O - a potion of brilliance {unknown}
 R - a potion of resistance {unknown}


   Skills:
 + Level 9.1 Fighting
 - Level 11.6 Short Blades
 - Level 0.7 Armour
 * Level 13.4 Dodging
 + Level 8.2 Stealth
 - Level 3.0 Invocations
 - Level 4.0 Evocations


You had 10 spell levels left.
You didn't know any spells.
Your spell library contained the following spells:

 Spells                   Type           Power      Damage    Failure   Level
 Animate Skeleton         Necr           0%         N/A       30%         1
 Pain                     Necr           0%         1d4       30%         1
 Vampiric Draining        Necr           0%         2d6       67%         3
 Fulminant Prism          Conj/Hex       0%         3d6       97%         4
 Iskenderun's Mystic Bla  Conj/Tloc      0%         2d3       97%         4
 Lee's Rapid Deconstruct  Erth           0%         3d5*      100%        5


Dungeon Overview and Level Annotations

Branches:
Dungeon (8/15)             Temple (1/1) D:7            Lair (3/6) D:8
 Shoals (0/4) Lair:2        Sewer (visited)
  Snake: Lair:2-4    Spider: Lair:2-4

Altars:
Ashenzari
Dithmenos
Elyvilon
Fedhas
Gozag
Hepliaklqana
Kikubaaqudgha
Makhleb
Okawaru
Qazlal
Ru
Sif Muna
Trog
Uskayaw
Vehumet
Wu Jian
Xom
Yredelemnul
Zin
The Shining One

Shops:
D:3 :=   D:4 [[(*[   D:5 ([(:   D:6 *

Annotations:
D:5 2 transporters, sirJeffrey23's ghost, novice HOMo
D:8 Joseph
Lair:1 exclusion: oklob plant
Lair:2 exclusion: downstairs
Lair:3 Rupert


Innate Abilities, Weirdness & Mutations

You are small and have problems with some larger weapons.
You are completely attuned to the shadows.


Message History

The rime drake looks as sick as possible!
The rime drake is moderately wounded.
The rime drake bites you.
You puncture the rime drake!
The rime drake is heavily wounded.
You barely miss the rime drake.
The rime drake is heavily wounded.
The rime drake completely misses you.
Unknown command.
You hit the rime drake.
The rime drake looks as sick as possible!
The rime drake is severely wounded.
Unknown command.
You hit the rime drake.
The rime drake is almost dead.
Unknown command.
You miss the rime drake.
The rime drake is almost dead.
The rime drake bites you.
Unknown command.
You hit the steam dragon.
The steam dragon is poisoned.
You punch the steam dragon, but do no damage.
The steam dragon is lightly wounded.
Unknown command.
You hit the steam dragon.
The steam dragon is moderately wounded.
The steam dragon breathes steam at you. The ball of steam hits you!
* * * LOW HITPOINT WARNING * * *
You hear an angry hiss.
You hear a bellow! x2; You hear an angry hiss.
You hear a bellow! x3; You hear an angry hiss.
The steam dragon attacks as you move away!
The steam dragon bites you!
* * * LOW HITPOINT WARNING * * *
The steam dragon claws you.
* * * LOW HITPOINT WARNING * * *
Unknown command.
You feel better.
You are engulfed in a cloud of scalding steam.
You die...

.....#
.....##
.....≈##
#Dk§≈#≈
.#@.§.≈#
...§§§####
.#.......#
.
#.......#
.
.#......#
. #.......
. . .. ..


You could see a rime drake (extremely poisoned) and a steam dragon (very
poisoned, catching breath).

Vanquished Creatures
  A catoblepas (Lair:2)
  Erica (D:8)
  A two-headed ogre (D:8)
  A death yak (D:8)
  A black mamba (Lair:2)
  4 cane toads
  4 rime drakes (Lair:3)
  2 komodo dragons
  A snapping turtle (Lair:2)
  7 yaks
  3 steam dragons
  Edmund (D:6)
  2 water moccasins
  6 black bears
  A sky beast (D:8)
  An ogre (D:4)
  A centaur (D:8)
  A phantom (D:6)
  2 kobold brigands
  A bullfrog (Lair:1)
  4 necrophages
  A scorpion (D:5)
  9 wights (D:8)
  An electric eel (Lair:2)
  A howler monkey (D:7)
  A jelly (D:4)
  3 orc priests
  3 hounds
  Crazy Yiuf (D:6)
  Jessica (D:3)
  An iguana (D:6)
  An orc wizard (D:5)
  3 river rats (Sewer)
  7 adders
  2 shadow imps
  A white imp (D:7)
  3 ufetubi
  3 worms
  A dart slug (D:3)
  27 orcs
  5 bats
  4 endoplasms
  2 giant cockroaches (D:3)
  4 goblins
  8 hobgoblins
  2 jackals (Sewer)
  4 quokkas
  4 ball pythons
  5 frilled lizards
  13 kobolds
  4 rats
  A rat zombie (D:5)
172 creatures vanquished.

Vanquished Creatures (collateral kills)
  2 jackals (Sewer)
  A frilled lizard (Sewer)
  A rat (Sewer)
4 creatures vanquished.

Vanquished Creatures (others)
  An adder (Sewer)
  A dart slug (D:1)
  5 fungi
  25 plants
  4 toadstools (D:3)
36 creatures vanquished.

Grand Total: 212 creatures vanquished

Notes
Turn   | Place    | Note
-------+----------+-------------------------------------------
     0 | D:1      | holysushi the Kobold Artificer began the quest for the Orb.
     0 | D:1      | Reached XP level 1. HP: 12/12 MP: 1/1
   351 | D:1      | Found a faded altar of an unknown god.
   771 | D:1      | Reached skill level 3 in Dodging
   771 | D:1      | Reached XP level 2. HP: 6/16 MP: 2/2
  1934 | D:2      | Reached skill level 1 in Short Blades
  2406 | D:2      | Reached XP level 3. HP: 20/20 MP: 3/3
  3218 | D:3      | Noticed Jessica
  3219 | D:3      | Killed Jessica
  3220 | D:3      | Reached XP level 4. HP: 25/25 MP: 4/4
  3342 | D:3      | Found Diyqit's Book Shop.
  3548 | D:3      | Reached skill level 5 in Short Blades
  3548 | D:3      | Reached XP level 5. HP: 22/29 MP: 5/5
  3565 | D:3      | Found a glowing drain.
  3616 | Sewer    | Entered a sewer
  4045 | Sewer    | Noticed a kobold brigand
  4050 | Sewer    | Killed a kobold brigand
  4051 | Sewer    | Reached XP level 6. HP: 27/35 MP: 6/6
  5245 | Sewer    | Identified a scroll of acquirement
  5245 | Sewer    | Acquired a +5 quick blade
  5353 | D:3      | Found a glowing golden altar of the Shining One.
  5415 | D:3      | Reached skill level 4 in Dodging
  5461 | D:3      | Found Ytsoisih's One-of-a-Kind Rings.
  6226 | D:4      | Found Ysucait's Weapon Shop.
  6240 | D:4      | Found a burning altar of Makhleb.
  6329 | D:4      | Noticed an ogre
  6337 | D:4      | Killed an ogre
  6338 | D:4      | Reached XP level 7. HP: 28/40 MP: 7/7
  6487 | D:4      | Found Ydadd's Armour Shoppe.
  6586 | D:4      | Found Owelow's Antique Armour Emporium.
  6590 | D:4      | Bought a brightly glowing cloak for 209 gold pieces
  6590 | D:4      | Identified the +0 cloak of Jiyq {Str+3 Int+2 Dex-2} (You
                  | bought it in a shop on level 4 of the Dungeon)
  6698 | D:4      | Found Ebie's Antique Armour Emporium.
  6749 | D:4      | Found Liader's Assorted Antiques.
  6753 | D:4      | Bought a scroll labelled TOTZIK HUHU for 31 gold pieces
  6855 | D:5      | Entered Level 5 of the Dungeon
  7023 | D:5      | Found an ancient bone altar of Kikubaaqudgha.
  7314 | D:5      | Reached skill level 5 in Dodging
  7314 | D:5      | Reached XP level 8. HP: 46/48 MP: 8/8
  7417 | D:5      | Found Disenih's Book Shop.
  7508 | D:5      | Found Hotzisuda's Weapon Emporium.
  7526 | D:5      | Found Duxaq's Antique Armour Emporium.
  7626 | D:5      | Found a transporter.
  7626 | D:5      | Found a transporter.
  7712 | D:5      | Found Adauf's Antique Weapon Shop.
  7871 | D:5      | Noticed sirJeffrey23's ghost (novice HOMo)
  7983 | D:6      | Noticed Edmund
  7999 | D:6      | Killed Edmund
  8000 | D:6      | Reached skill level 6 in Dodging
  8134 | D:6      | Found a runed translucent door.
  8195 | D:6      | Noticed Crazy Yiuf
  8198 | D:6      | Killed Crazy Yiuf
  8333 | D:6      | Reached skill level 7 in Dodging
  8333 | D:6      | Reached XP level 9. HP: 53/53 MP: 9/9
  8342 | D:6      | Reached skill level 5 in Fighting
  8385 | D:6      | Noticed an angel
  8485 | D:6      | Found Erutax's Hallowed Reliquary.
  8507 | D:6      | Reached skill level 5 in Stealth
  8879 | D:7      | Found a staircase to the Ecumenical Temple.
  8895 | Temple   | Entered the Ecumenical Temple
  9166 | Temple   | Became a worshipper of Dithmenos the Shadowed
  9318 | D:7      | Found the +7 Throatcutter {drain, coup de grace}
  9322 | D:7      | Reached skill level 8 in Dodging
  9804 | D:8      | Found an ornate altar of the Wu Jian Council.
  9891 | D:8      | Found a bloodstained altar of Trog.
  9919 | D:8      | Reached skill level 9 in Dodging
  9930 | D:8      | Reached skill level 10 in Short Blades
  9933 | D:8      | Reached XP level 10. HP: 61/61 MP: 10/10
 10060 | D:8      | Noticed a death yak
 10061 | D:8      | Noticed a death yak
 10061 | D:8      | Noticed a death yak
 10094 | D:8      | Killed a death yak
 10095 | D:8      | Reached skill level 10 in Dodging
 10248 | D:8      | Noticed a two-headed ogre
 10249 | D:8      | Killed a two-headed ogre
 10250 | D:8      | Reached skill level 11 in Dodging
 10365 | D:8      | Reached * piety under Dithmenos
 10423 | D:8      | Found a staircase to the Lair.
 10439 | D:8      | Noticed Erica
 10441 | D:8      | Killed Erica
 10632 | D:8      | Noticed Joseph
 10703 | Lair:1   | Entered Level 1 of the Lair of Beasts
 10858 | Lair:1   | Noticed a komodo dragon
 10862 | Lair:1   | Killed a komodo dragon
 10863 | Lair:1   | Reached XP level 11. HP: 68/68 MP: 11/11
 10966 | Lair:1   | Reached skill level 12 in Dodging
 10998 | Lair:1   | Reached skill level 1 in Invocations
 11246 | Lair:1   | Found a dark tunnel.
 11509 | Lair:1   | Noticed an oklob plant
 12751 | Lair:2   | Found a staircase to the Shoals.
 12998 | Lair:3   | Noticed a catoblepas
 13000 | Lair:3   | Noticed Rupert
 13043 | Lair:2   | Killed a catoblepas
 13124 | Lair:3   | Reached skill level 13 in Dodging
 13378 | Lair:3   | HP: 3/71 [steam dragon (10)]
 13379 | Lair:3   | Engulfed by a steam dragon's steam

Illustrated notes

Levels and vault maps discovered:
D:1:      dpeg_arrival_arbitrary_a, layout_rooms,
          shapermc_ecumenical_altar_venn, minmay_surrounded
D:2:      layout_basic
D:3:      layout_loops_ring, nicolae_tso_carved_into_rock, serial_shops,
          nicolae_shop_statue_plus, gup_sewer_entry_bubbles,
          nicolae_shop_unique_rings, minmay_gold_behind_fungi,
          minmay_misc_feat_x, uniq_jessica
D:4:      layout_rooms, bloody_makhleb, serial_shops, nicolae_diamond_shop,
          nicolae_shop_bloodbath_and_beyond, shop, shop_fountains,
          nicolae_shop_behind_doors
D:5:      layout_basic, lemuel_zombie_altar_kikubaaqudgha, serial_shops,
          nicolae_shop_trees, nicolae_shop_hallway_plus, kennysheep_mini,
          nicolae_shop_waterfront, gammafunk_ghost_hive,
          hangedman_decor_diamond_cutter, nicolae_figureground_pulse
D:6:      layout_rooms, columned_hall_lemuel, nicolae_good_shop, uniq_edmund,
          uniq_crazy_yiuf_cottage
D:7:      layout_rooms, minmay_temple_entry_ruins, serial_rivers,
          chequers_serial_rivers_micro_e, chequers_serial_rivers_room_b,
          chequers_serial_rivers_micro_a, chequers_serial_rivers_small_3
D:8:      layout_basic, nicolae_wu_jian_wuxing_cycle, trog_ov_bears_minmay,
          dpeg_lair_monsters, kennysheep_generic_room_4, uniq_erica, uniq_joseph
Temple:   regret_index_temple_generic_petals
Lair:1:   layout_long_grid, lightli_volcano_entry_magma_tube,
          gauntlet_entry_generic, st_stairs_7, serial_bayou_pond_c,
          disabler_island, lemuel_fruit_tree
Lair:2:   layout_small_grid, minmay_shoals_entry_hut
Lair:3:   layout_regular_city, bobbens_dragon_lair_wall, uniq_rupert

Skill      XL: |  1  2  3  4  5  6  7  8  9 10 11 |
---------------+----------------------------------+-----
Dodging        | 3 4 5 7 9 11 13 | 13.4
Short Blades   | 1 3 5 6 7 9 10 11 | 11.6
Fighting       | 2 3 4 6 8 9 |  9.1
Stealth        | 2 3 4 6 8 |  8.2
Invocations    | 3 |  3.0
Evocations     | 4 |  4.0
Armour         | |  0.7

Action                   |  1- 3 |  4- 6 |  7- 9 | 10-12 || total
-------------------------+-------+-------+-------+-------++-------
Melee: Club              |    24 |       |       |       ||    24
       Dagger            |   106 |       |       |       ||   106
       Short sword       |    14 |   135 |       |       ||   149
       Punch             |     1 |     1 |       |     5 ||     7
       Quick blade       |       |    46 |   208 |   169 ||   423
Evoke: Wand              |     5 |    14 |       |       ||    19
  Use: Scroll            |     5 |    10 |     9 |     1 ||    25
       Potion            |       |     1 |       |     1 ||     2
 Stab: Sleeping          |     5 |    13 |    22 |    15 ||    55
       Distracted        |       |     2 |     1 |       ||     3
Armor: Leather armour    |    18 |    16 |     9 |     4 ||    47
Dodge: Dodged            |    84 |    98 |    75 |    83 ||   340

Table legend: (Time is in decaauts)
 A = Elapsed time spent in this place.
 B = Non-inter-level travel time spent in this place.
 C = Inter-level travel time spent in this place.
 D = Time resting spent in this place.
 E = Time spent auto-exploring this place.
 F = Levels seen in this place.
 G = Mean time per level.
                   A        B        C        D        E       F      G
               +--------+--------+--------+--------+--------+-----+--------+
         Total |  13318 |  12865 |    453 |   3494 |   7269 |  13 | 1024.5 |
       Dungeon |   8581 |   8221 |    360 |   2297 |   4498 |   8 | 1072.6 |
        Temple |    297 |    236 |     61 |      0 |    223 |   1 |  297.0 |
          Lair |   2616 |   2584 |     32 |    482 |   1754 |   3 |  872.0 |
         Sewer |   1823 |   1823 |      0 |    715 |    793 |   1 | 1823.0 |
               +--------+--------+--------+--------+--------+-----+--------+

Top non-repeatable levels by time:
     D:1: 1901 daAuts
   Sewer: 1823 daAuts
     D:3: 1360 daAuts
     D:2: 1308 daAuts
  Lair:2: 1235 daAuts
  Lair:1: 1124 daAuts
     D:5: 1010 daAuts
     D:6: 879 daAuts
     D:7: 739 daAuts
     D:8: 735 daAuts
     D:4: 645 daAuts
  Temple: 297 daAuts
  Lair:3: 256 daAuts
